 Dungeon Crawl Stone Soup version 0.29.1-15-g9cfb28693d (webtiles) character file.

Game seed: 7987972375355000513

3834 jtron the Carver (level 10, -2/82 HPs)
             Began as a Barachi Fighter on Feb 27, 2023.
             Was a Priest of Cheibriados.
             Slain by Erica
             ... wielding a +4 scimitar of flaming
              (8 damage)
             ... on level 9 of the Dungeon.
             The game lasted 00:38:17 (8299 turns).

jtron the Carver (Barachi Fighter)                  Turns: 8299, Time: 00:38:18

Health: -2/82      AC: 10    Str: 37    XL:     10   Next: 18%
Magic:  13/13      EV: 14    Int: 20    God:    Cheibriados [***...]
Gold:   1798       SH:  6    Dex: 25    Spells: 9/9 levels left

rFire   + . .      SeeInvis .   a - +0 long sword
rCold   + . .      Faith    .   Q - +0 buckler {reflect}
rNeg    . . .      Spirit   .   L - +0 scale mail
rPois   +          Reflect  +   w - +0 helmet of Avar {Drain Str+7 Int+2 Dex+4}
rElec   .          Harm     .   n - +0 cloak
rCorr   .          Rampage  .   (no gloves)
Will    .....                   (no boots)
Stlth   +.........              q - amulet of regeneration
HPRegen 1.03/turn               K - ring of Edam Vuip {rPois rF+ rC+}
MPRegen 0.13/turn               I - +6 ring of strength

@: lethally poisoned (-2 -> -4), slowed, very slow
A: amphibious, slowness 1, strong legs 1, +LOS
a: Hop, Renounce Religion, Bend Time, Temporal Distortion


You were on level 9 of the Dungeon.
You worshipped Cheibriados.
Cheibriados was most pleased with you.
You visited 1 branch of the dungeon, and saw 9 of its levels.
You also visited: Sewer.

You collected 1798 gold pieces.

Inventory:

Hand Weapons
 a - a +0 long sword (weapon)
 b - a +2 sling
Missiles
 f - 8 atropa-tipped darts (quivered)
 j - 15 poisoned darts
 p - 42 stones
 t - 5 boomerangs
 z - 2 silver boomerangs
 J - 4 javelins
 N - 2 throwing nets
Armour
 n - a +0 cloak (worn)
 o - +0 steam dragon scales
 w - the +0 helmet of Avar (worn) {Drain Str+7 Int+2 Dex+4}
   (You found it on level 4 of the Dungeon)

   Str:       It affects your strength (+7).
   Int:       It affects your intelligence (+2).
   Dex:       It affects your dexterity (+4).
   Drain:     It drains your maximum health when unequipped.
 L - a +0 scale mail (worn)
 Q - a +0 buckler of reflection (worn)
Jewellery
 d - a ring of see invisible
 i - a ring of ice
 l - an amulet of magic regeneration
 q - an amulet of regeneration (around neck)
 I - a +6 ring of strength (right hand)
 K - the ring of Edam Vuip (left hand) {rPois rF+ rC+}
   (You acquired it on level 7 of the Dungeon)

   [ring of poison resistance]

   rF:        It protects you from fire.
   rC:        It protects you from cold.
   rPois:     It protects you from poison.
Wands
 s - a wand of digging (4)
 y - a wand of roots (10)
Scrolls
 e - 5 scrolls of poison
 h - 2 scrolls of vulnerability
 m - 4 scrolls of blinking
 u - 3 scrolls of amnesia
 v - a scroll of silence {unknown}
 B - a scroll of immolation {unknown}
 C - 2 scrolls of fear
 F - a scroll of brand weapon {unknown}
 H - 3 scrolls of teleportation
 O - a scroll of magic mapping {unknown}
Potions
 g - a potion of magic
 r - 2 potions of brilliance
 x - 6 potions of flight
 D - 2 potions of mutation
 G - a potion of lignification
 M - a potion of berserk rage
 P - a potion of cancellation {unknown}


   Skills:
 * Level 8.6 Fighting
 + Level 10.4 Long Blades
 + Level 1.0 Ranged Weapons
 + Level 4.1 Throwing
 - Level 6.0 Armour
 - Level 5.0 Dodging
 + Level 2.1 Stealth
 - Level 3.2 Shields
 * Level 4.5 Invocations
 + Level 0.3 Evocations


You had 9 spell levels left.
You didn't know any spells.
Your spell library contained the following spells:

 Spells                   Type           Power      Damage    Failure   Level
 Apportation              Tloc           0%         N/A       41%         1
 Magic Dart               Conj           0%         1d3       41%         1
 Necrotise                Necr           0%         1d4       41%         1
 Sandblast                Erth           0%         2d4       41%         1
 Summon Small Mammal      Summ           0%         N/A       41%         1
 Passwall                 Tmut/Erth      0%         N/A       54%         2
 Searing Ray              Conj           0%         2d4       54%         2
 Gell's Gravitas          Tloc           0%         N/A       78%         3
 Portal Projectile        Hex/Tloc       0%         N/A       78%         3
 Stone Arrow              Conj/Erth      0%         3d7       78%         3
 Teleport Other           Tloc           0%         N/A       78%         3
 Tukima's Dance           Hex            0%         N/A       78%         3
 Vampiric Draining        Necr           0%         2d6       78%         3
 Fulminant Prism          Conj/Hex       0%         3d6       99%         4
 Petrify                  Tmut/Erth      0%         N/A       99%         4
 Agony                    Necr           0%         N/A       100%        5
 Blade Hands              Tmut           0%         N/A       100%        5
 Metabolic Englaciation   Hex/Ice        0%         N/A       100%        5
 Dispersal                Tloc           0%         N/A       100%        6
 Statue Form              Tmut/Erth      0%         N/A       100%        6
 Chain Lightning          Conj/Air       0%         N/A       100%        9
 Fire Storm               Conj/Fire      0%         5d1       100%        9
 Shatter                  Erth           0%         3d5*      100%        9


Dungeon Overview and Level Annotations

Branches:
Dungeon (9/15)             Temple (0/1) D:7           Sewer (visited)
   Lair: D:8-11         Orc: D:9-12

Altars:
Cheibriados
Dithmenos
Elyvilon
Hepliaklqana
Okawaru
Qazlal
Trog
Vehumet
Xom

Shops:
D:7 [

Annotations:
D:9 Erica


Innate Abilities, Weirdness & Mutations

You are amphibious.
You cover ground slowly.
You can hop short distances.
You have an extended range of vision and can be seen from far away.


Message History

You closely miss something. Something hits you! Something burns you.
It was a potion of ambrosia.
You are confused.
You feel invigorated. Something hits you! Something burns you.
Something hits you!
* * * LOW HITPOINT WARNING * * *
Something burns you.
* * * LOW HITPOINT WARNING * * *
You slash something! Something barely misses you. Something hits you!
* * * LOW HITPOINT WARNING * * *
Something burns you.
* * * LOW HITPOINT WARNING * * *
Something hits you.
* * * LOW HITPOINT WARNING * * *
Something hits you!
* * * LOW HITPOINT WARNING * * *
Something burns you.
* * * LOW HITPOINT WARNING * * *
You bump into the rock wall.
You feel less invigorated.
You feel less confused. Something hits you.
* * * LOW HITPOINT WARNING * * *
Something completely misses you.
You closely miss something.
You hear some strange, mumbled words.
A bolt of poison appears from out of thin air!
The bolt of poison hits you.
You are poisoned.
You resist.
* * * LOW HITPOINT WARNING * * *
You hit something.
You feel very sick. Something completely misses you.
You closely miss something.
You feel sick. Something hits you.
* * * LOW HITPOINT WARNING * * *
Something burns you.
* * * LOW HITPOINT WARNING * * *
Something hits you!
You die...

.... #... .# #......#
#......### #........#
#.#..#.#.# ###.##
#.#..#.#.#
....>..###.#....#.#
........{@......#.# #
.##.##.###........#.#
.. #..........# ##
..# #.###.#.#### #.
... #.##..#.# #. ..
#.##.##<# #.
#.##.##.# ####.
#.......# #....
###...### #.##.


There were no monsters in sight!

Vanquished Creatures
  Joseph (D:7)
  Maggie (D:7)
  A yak (D:9)
  3 steam dragons
  3 water moccasins
  A black bear (D:7)
  2 sky beasts (D:6)
  2 orc warriors
  2 ogres (D:5)
  3 centaurs
  A kobold brigand (D:9)
  A bullfrog (D:7)
  A gnoll sergeant (D:9)
  4 scorpions
  4 howler monkeys
  A jelly (D:6)
  3 hounds
  Crazy Yiuf (D:3)
  6 orc priests
  2 iguanas
  Terence (D:3)
  4 orc wizards
  Natasha (D:2)
  3 gnolls (D:9)
  5 river rats (Sewer)
  18 adders
  2 white imps
  5 worms
  2 dart slugs
  20 orcs
  8 ball pythons
  13 bats
  12 endoplasms
  5 giant cockroaches
  8 goblins
  8 hobgoblins
  11 jackals
  6 kobolds
  5 quokkas
  5 frilled lizards
  7 rats
192 creatures vanquished.

Vanquished Creatures (others)
  6 fungi (D:5)
  2 plants (D:2)
8 creatures vanquished.

Grand Total: 200 creatures vanquished

Notes
Turn   | Place    | Note
-------+----------+-------------------------------------------
     0 | D:1      | jtron the Barachi Fighter began the quest for the Orb.
     0 | D:1      | Reached XP level 1. HP: 18/18 MP: 1/1
   169 | D:1      | Reached XP level 2. HP: 25/25 MP: 2/2
   619 | D:1      | Reached XP level 3. HP: 29/30 MP: 3/3
   634 | D:1      | Reached skill level 3 in Long Blades
  1633 | D:2      | Reached XP level 4. HP: 37/37 MP: 4/4
  1890 | D:2      | Found a faded altar of an unknown god.
  1939 | D:2      | Found a shadowy altar of Dithmenos.
  2091 | D:3      | Found a bloodstained altar of Trog.
  2401 | D:3      | Noticed Natasha
  2403 | D:3      | Noticed Terence
  2421 | D:2      | Killed Natasha
  2422 | D:2      | Reached skill level 4 in Long Blades
  2486 | D:3      | Found a shimmering altar of Xom.
  2547 | D:3      | Reached XP level 5. HP: 37/42 MP: 5/5
  2622 | D:3      | Reached skill level 1 in Dodging
  2717 | D:3      | Killed Terence
  2718 | D:3      | Reached skill level 5 in Armour
  2753 | D:3      | Found a runed translucent door.
  2754 | D:3      | Noticed Crazy Yiuf
  3015 | D:4      | Identified the +0 helmet of Avar {Drain Str+7 Int+2 Dex+4}
  3089 | D:4      | Found a radiant altar of Vehumet.
  3159 | D:4      | Reached skill level 1 in Throwing
  3537 | D:4      | Found a snail-covered altar of Cheibriados.
  3553 | D:4      | Became a worshipper of Cheibriados the Contemplative
  3570 | D:5      | Entered Level 5 of the Dungeon
  3597 | D:5      | Reached XP level 6. HP: 48/48 MP: 6/6
  3761 | D:5      | Found a shadowy altar of Dithmenos.
  3761 | D:5      | Noticed an orc warrior
  3853 | D:5      | Reached skill level 5 in Long Blades
  3925 | D:5      | Killed an orc warrior
  3926 | D:5      | Reached XP level 7. HP: 55/55 MP: 7/7
  4054 | D:5      | Reached * piety under Cheibriados
  4205 | D:3      | Killed Crazy Yiuf
  4586 | D:5      | Reached skill level 6 in Long Blades
  4908 | D:6      | Reached skill level 5 in Fighting
  4908 | D:6      | Reached skill level 1 in Invocations
  4991 | D:6      | Reached XP level 8. HP: 62/62 MP: 9/9
  4993 | D:6      | Found a white marble altar of Elyvilon.
  5014 | D:6      | Found a stormy altar of Qazlal.
  5110 | D:6      | Found a glowing drain.
  5121 | Sewer    | Entered a sewer
  5229 | Sewer    | Reached ** piety under Cheibriados
  5372 | Sewer    | Reached skill level 7 in Long Blades
  5688 | D:6      | Found an iron altar of Okawaru.
  5875 | D:6      | Reached skill level 1 in Stealth
  5952 | D:6      | Reached *** piety under Cheibriados
  6225 | D:7      | Noticed Maggie
  6238 | D:7      | Killed Maggie
  6239 | D:7      | Reached skill level 8 in Long Blades
  6239 | D:7      | Reached XP level 9. HP: 13/71 MP: 11/11
  6313 | D:7      | Found a staircase to the Ecumenical Temple.
  6536 | D:7      | Identified 2 scrolls of acquirement
  6537 | D:7      | Acquired the ring of Edam Vuip {rPois rF+ rC+}
  6766 | D:7      | Found Gochirop's Armour Emporium.
  6771 | D:7      | Acquired 1126 gold pieces
  6833 | D:7      | Noticed Joseph
  6846 | D:7      | Killed Joseph
  6847 | D:7      | Reached skill level 9 in Long Blades
  7091 | D:8      | Reached skill level 5 in Dodging
  7347 | D:8      | Found a hazy altar of Hepliaklqana.
  7904 | D:9      | Reached skill level 10 in Long Blades
  7958 | D:9      | Reached XP level 10. HP: 80/80 MP: 10/13
  8142 | D:9      | Reached skill level 1 in Ranged Weapons
  8237 | D:9      | Noticed a two-headed ogre
  8282 | D:9      | Noticed Erica
  8295 | D:9      | HP: 4/82 [something (16)]
  8299 | D:9      | Slain by Erica

Illustrated notes

Levels and vault maps discovered:
D:1:      roderic_dead_forest, layout_basic
D:2:      layout_loops_ring, basic_altar,
          dreamdust_ecumenical_altar_hidden_monk_grotto, grunt_decor_one_mirror,
          kennysheep_small_spiral, minmay_domino_2
D:3:      layout_basic, mainiacjoe_overflow_catch_the_wave, grunt_ministairs_4,
          uniq_natasha, uniq_terence, uniq_crazy_yiuf_cottage
D:4:      layout_gridville, nicolae_overflow_hidden_temple
D:5:      layout_basic, lemuel_tele_altar, serial_aquarium,
          aquarium_bridge_straight [aquarium_subvault_bridge,
          aquarium_subvault_balcony, aquarium_subvault_bridge,
          aquarium_subvault_wall], aquarium_window_1, aquarium_window_1,
          aquarium_window_1, aquarium_window_3, aquarium_view_2e,
          aquarium_balcony_double_1, corexii_shack
D:6:      layout_cave_pools, mainiacjoe_overflow_concentric_impassable,
          okawaru_metal_pillars_1_2, mainiacjoe_overflow_24_doors,
          gup_sewer_entry_bubbles, chequers_serial_rivers_marsh
D:7:      layout_loops_ring, minmay_temple_entry_ruins, serial_shops,
          kennysheep_little_box, uniq_maggie, uniq_joseph
D:8:      layout_loops_ring, amcnicky_altar_gilded, minmay_misc_feat_iff,
          hangedman_abyss_or_decor_passed, nicolae_two_hexagons,
          kennysheep_pointless_box
D:9:      layout_loops_cross, minmay_increasing_density, uniq_erica

Skill      XL: |  1  2  3  4  5  6  7  8  9 10 |
---------------+-------------------------------+-----
Armour         | 4 5 6 |  6.0
Long Blades    | 3 4 5 6 8 10 | 10.4
Fighting       | 4 5 6 8 |  8.6
Dodging        | 2 3 4 5 |  5.0
Throwing       | 1 2 3 4 |  4.1
Invocations    | 1 3 4 |  4.5
Stealth        | 1 2 |  2.1
Ranged Weapons | 1 |  1.0
Shields        | |  3.2
Evocations     | |  0.3

Action                   |  1- 3 |  4- 6 |  7- 9 | 10-12 || total
-------------------------+-------+-------+-------+-------++-------
Melee: Long sword        |   110 |   154 |   445 |    62 ||   771
 Fire: Sling             |       |       |    14 |       ||    14
Throw: Stone             |     7 |     2 |       |       ||     9
       Dart              |     9 |    12 |    25 |     1 ||    47
       Javelin           |       |    12 |    27 |       ||    39
Invok: Bend Time         |       |       |    11 |     6 ||    17
       Temporal Distorti |       |       |     2 |       ||     2
 Abil: Hop               |     1 |       |       |       ||     1
Evoke: Wand              |       |     1 |     3 |     1 ||     5
  Use: Scroll            |     3 |     7 |    12 |     1 ||    23
       Potion            |     1 |     4 |     2 |     3 ||    10
 Stab: Invisible         |       |       |     2 |       ||     2
Armor: Scale mail        |    48 |    61 |   183 |    18 ||   310
Dodge: Dodged            |    43 |    92 |   340 |    42 ||   517
Block: Buckler           |    23 |    35 |   166 |    16 ||   240
       Reflection        |       |       |       |     1 ||     1
